 Dungeon Crawl Stone Soup version 0.21.0-30-g47ce8e4 (webtiles) character file.

366315 Monsterracer the Slayer (level 21, 189/189 HPs)
             Began as a Minotaur Gladiator on Jan 26, 2018.
             Was the Champion of Hepliaklqana.
             Quit the game on level 2 of the Crypt on Jan 28, 2018.
             The game lasted 03:48:06 (78668 turns).

Monsterracer the Slayer (Minotaur Gladiator)       Turns: 78668, Time: 03:48:07

Health: 189/189    AC: 33    Str: 18    XL:     21   Next: 60%
Magic:  30/30      EV: 29    Int:  5    God:    Hepliaklqana [******]
Gold:   3144       SH:  0    Dex: 18    Spells: 20/20 levels left

rFire    + . .     SeeInvis +   a - +8 great sword (elec) {!a!a!a!a}
rCold    + . .     Gourm    .   (shield currently unavailable)
rNeg     + + +     Faith    .   P - +7 Kryia's mail coat {PotionHeal*2 rC+}
rPois    +         Spirit   +   I - +2 hat of Rekyunimui {rN+++ Str-4 Dex-3 SInv}
rElec    .         Reflect  .   V - +2 cloak (curse)
rCorr    .         Harm     .   T - +0 pair of gloves "Larphit" {rPois rF+ Dex+2}
MR       +....                  o - +2 pair of boots
Stlth    +++.......             r - amulet of guardian spirit
HPRegen  0.41/turn              h - +5 ring of protection
MPRegen  0.22/turn              Y - +4 ring of evasion

@: no status effects
A: retaliatory headbutt, reduced essence, horns 2
}: 2/15 runes: decaying, gossamer
a: Recall Ancestor, Ancestor Identity, Transference, Idealise, Renounce Religion


You were on level 2 of the Crypt.
You worshipped Hepliaklqana.
Hepliaklqana was exalted by your worship.
You were not hungry.

You visited 9 branches of the dungeon, and saw 40 of its levels.
You also visited: Sewer.

You collected 4435 gold pieces.
You spent 1291 gold pieces at shops.

Inventory:

Hand Weapons
 a - a +8 great sword of electrocution (weapon) {!a!a!a!a}
 b - a +5 scimitar of holy wrath {!a}
 w - the +4 scimitar "Sylyug" {freeze, +Fly rF++ MR-, !a}
   (You acquired it on level 5 of the Dungeon)

   It has been specially enchanted to freeze those struck by it, causing extra
   injury to most foes and up to half again as much damage against particularly
   susceptible opponents.
   It can also slow down cold-blooded creatures.
   It greatly protects you from fire.
   It affects your resistance to hostile enchantments.
   It lets you fly.
Armour
 g - the +4 ring mail of the Sunfish {rElec rN+ Regen+ Str+2}
   (You found it on level 11 of the Dungeon)

   It affects your strength (+2).
   It insulates you from electricity.
   It protects you from negative energy.
   It increases your rate of regeneration.
 o - a +2 pair of boots (worn)
 I - the +2 hat of Rekyunimui (worn) {rN+++ Str-4 Dex-3 SInv}
   (You acquired it on level 7 of the Dungeon)

   It affects your strength (-4).
   It affects your dexterity (-3).
   It renders you almost immune to negative energy.
   It lets you see invisible.
 P - the +7 Kryia's mail coat (worn) {PotionHeal*2 rC+}
   (You found it on level 4 of the Spider Nest)

   It protects you from cold.
 T - the +0 pair of gloves "Larphit" (worn) {rPois rF+ Dex+2}
   (You found it on level 6 of the Lair of Beasts)

   It affects your dexterity (+2).
   It protects you from fire.
   It protects you from poison.
 V - a cursed +2 cloak (worn)
Jewellery
 h - a +5 ring of protection (left hand)
 r - an amulet of guardian spirit (around neck)
 u - an uncursed ring of protection from magic {!d}
 z - an uncursed ring of flight
 D - an uncursed ring of protection from fire {!d}
 S - an uncursed ring of protection from cold {!d}
 Y - a +4 ring of evasion (right hand)
 Z - the ring "Hiadeirr" {rElec Int+2 Stlth+}
   (You found it on level 1 of the Crypt)

   [ring of stealth]

   It affects your intelligence (+2).
   It insulates you from electricity.
   It makes you more stealthy.
Wands
 f - a wand of paralysis (41)
 n - a wand of polymorph (20)
 y - a wand of disintegration (31)
 F - a wand of iceblast (23)
 K - a wand of flame (178)
 N - a wand of acid (29)
 Q - a wand of digging (41)
 R - a wand of scattershot (3)
Scrolls
 k - 5 scrolls of immolation {!r}
 l - 13 scrolls of teleportation
 m - 8 scrolls of fog
 t - 8 scrolls of magic mapping {!r}
 x - 9 scrolls of fear {!r}
 E - 8 scrolls of blinking
 J - 13 scrolls of remove curse
 L - 21 scrolls of identify
Potions
 e - 19 potions of curing
 i - 13 potions of heal wounds
 j - 9 potions of flight
 p - 2 potions of mutation {!q}
 s - 3 potions of resistance
 v - 6 potions of might
 A - 7 potions of agility
 B - 6 potions of magic
 C - 7 potions of haste
 G - 2 potions of berserk rage {!q}
 M - 4 potions of ambrosia {!q}
 O - 2 potions of cancellation
 X - a potion of invisibility
Miscellaneous
 d - a lightning rod (4/4)
 q - a fan of gales
 H - a fan of gales
 U - a lamp of fire
Comestibles
 c - 71 rations


   Skills:
 * Level 23.1 Fighting
 - Level 10.0 Long Blades
 - Level 2.0 Throwing
 + Level 15.6 Armour
 * Level 21.6 Dodging
 - Level 10.0 Stealth
 + Level 13.7 Invocations
 + Level 12.7 Evocations


You had 20 spell levels left.
You didn't know any spells.

Dungeon Overview and Level Annotations

Branches:
Dungeon (15/15)            Temple (1/1) D:6            Lair (6/6) D:9
  Swamp (4/4) Lair:4       Spider (4/4) Lair:3        Slime (0/5) Lair:5
    Orc (2/2) D:10            Elf (2/3) Orc:2        Vaults (4/5) D:14
  Crypt (2/3) Vaults:3     Depths (0/5) D:15

Altars:
Ashenzari
Cheibriados
Dithmenos
Elyvilon
Fedhas
Gozag
Hepliaklqana
Kikubaaqudgha
Makhleb
Nemelex Xobeh
Okawaru
Qazlal
Ru
Sif Muna
Trog
Uskayaw
Vehumet
Wu Jian
Xom
Yredelemnul
Zin
The Shining One
Beogh
Jiyva

Shops:
D:4 **:(}   D:12 :   D:15 :   Orc:2 %}[(   Vaults:4 !

Annotations:
D:4 1 exclusion
Swamp:4 Lernaean hydra
Spider:4 Tiamon's ghost, adept MiFi
Vaults:3 exclusion: orange crystal statue


Innate Abilities, Weirdness & Mutations

You reflexively headbutt those who attack you in melee.
You have a pair of horns on your head.
Your life essence is reduced to manifest your ancestor. (-10% HP)


Message History

The skeletal warrior hits Cenhelm with a halberd!
The storm dragon zombie bites you but does no damage.
The storm dragon zombie claws you but does no damage.
The storm dragon zombie completely misses you.
Cenhelm points at the skeletal warrior and mumbles some strange words.
The stone arrow hits the skeletal warrior.
The skeletal warrior is destroyed!
Unknown command.
The storm dragon zombie completely misses you.
The storm dragon zombie closely misses you.
The storm dragon zombie misses you.
Unknown command.
The storm dragon zombie bites you.
* * * LOW HITPOINT WARNING * * *
The storm dragon zombie completely misses you.
The storm dragon zombie misses you.
Cenhelm hits the storm dragon zombie with a lajatang of freezing!!
You take 3 damage, and have 90/189 hp.
The storm dragon zombie bites you but does no damage.
The storm dragon zombie barely misses you. x2
Cenhelm hits the storm dragon zombie with a lajatang of freezing.
The storm dragon zombie closely misses you. x2
The storm dragon zombie tramples you but does no damage.
Cenhelm casts a spell at the storm dragon zombie.
The stone arrow hits the storm dragon zombie.
The storm dragon zombie barely misses Cenhelm. x2
The storm dragon zombie tramples Cenhelm.
Cenhelm completely misses the storm dragon zombie.
The storm dragon zombie barely misses Cenhelm.
The storm dragon zombie claws Cenhelm.
The storm dragon zombie barely misses Cenhelm.
Cenhelm hits the storm dragon zombie with a lajatang of freezing!
The storm dragon zombie is destroyed!
You start resting.
Magic restored.
You regained 16 hp, and now have 108/189 hp.
MP restored: 30 You start resting.
HP restored.
Health restored: 189
There is a large open door here.
You swing at nothing.
Things that are here:
a battleaxe; a chain mail You swap places.
There is a large open door here.
You see here a halberd.
You open the large door.
There is a large open door here.
c - 71 rations (gained 1)
You open the large door.
There is a large open door here.
An elephant slug zombie comes into view.
An elephant slug zombie is nearby!
An elephant slug zombie is nearby!
You see here a potion of curing.
e - 19 potions of curing (gained 1)
A titan skeleton comes into view.
The elephant slug zombie completely misses you.
You riposte.
You slice the elephant slug zombie!! You headbutt the elephant slug zombie.
The elephant slug zombie is moderately damaged.
Really attack while wielding your +8 great sword of electrocution {!a}?
You hit the elephant slug zombie.
Lightning courses through the elephant slug zombie!
The elephant slug zombie is moderately damaged.
Cenhelm gestures wildly while chanting.
Cenhelm seems to speed up.
Char dumped successfully.
Replace inscription with what? !a!a!a!a You hit the elephant slug zombie.
Lightning courses through the elephant slug zombie!
You headbutt the elephant slug zombie!
The elephant slug zombie is heavily damaged.
Cenhelm hits the elephant slug zombie with a lajatang of freezing!!
Cenhelm freezes the elephant slug zombie.
Your +8 great sword of electrocution {!a!a!a!a} stops crackling.
Your +5 scimitar of holy wrath {!a} softly glows with a divine radiance!
b - a +5 scimitar of holy wrath (weapon)
{!a} Cenhelm hits the elephant slug zombie with a lajatang of freezing!
Cenhelm freezes the elephant slug zombie.
Your +5 scimitar of holy wrath {!a} stops glowing.
You hear the crackle of electricity.
a - a +8 great sword of electrocution (weapon)
{!a!a!a!a} Cenhelm hits the elephant slug zombie with a lajatang of freezing!!!
The elephant slug zombie is destroyed!
Cenhelm gestures at the titan skeleton while chanting.
The bolt of magma hits the titan skeleton.
Really attack while wielding your +8 great sword of electrocution {!a!a!a!a}?
You slice the titan skeleton!! You headbutt the titan skeleton!
The titan skeleton is moderately damaged.
Cenhelm gestures at the titan skeleton while chanting.
The bolt of magma hits the titan skeleton.
The titan skeleton completely misses you.
You furiously retaliate!
You headbutt the titan skeleton!
Cenhelm points at the titan skeleton and mumbles some strange words.
The bolt of magma hits the titan skeleton.
Are you sure you want to abandon this character and quit the game? (Confirm with "yes".)

#...##)'##
..........###...#....##
..........+.....#.....##
..........+.....#......#
..........###...#.......
..........# #...'.......
#........# #...'.......
#....Z...####''#......#
#.....@R.............##
#...............##++##
#...............+
+...............+
+...............#
#..............##
##............##
##..........##
##........##


You could see the friendly Cenhelm the battlemage and a titan skeleton.

Vanquished Creatures
  Bai Suzhen (Swamp:3)
  Xtahua (Vaults:4)
  Arachne (Spider:2)
  A deep elf blademaster (Elf:2)
  A thorn hunter (Swamp:3)
  A fire giant (Vaults:4)
  A vault warden (Vaults:1)
  A frost giant (D:12)
  3 emperor scorpions
  5 ironheart preservers
  A stone giant (Vaults:2)
  3 very ugly things (Vaults:3)
  An entropy weaver (Lair:3)
  An eidolon (Crypt:1)
  A jiangshi (Crypt:1)
  A fire dragon (Lair:6)
  A yaktaur captain (Vaults:2)
  3 ogre magi
  9 hydras
  2 vault guards
  2 ice dragons
  An anaconda (Lair:6)
  4 centaur warriors
  5 death knights
  A ghost crab (Swamp:3)
  An alligator (Swamp:1)
  12 two-headed ogres
  5 dancing weapons
  3 death yaks (Lair:3)
  A deep troll shaman (Vaults:1)
  2 deep troll earth magi (Vaults:1)
  An orc high priest (D:10)
  A hell knight (Vaults:3)
  3 deep elf knights
  4 skeletal warriors
  A shadow wraith (Vaults:3)
  2 storm dragon skeletons (Crypt:1)
  3 unseen horrors (shapeshifter)
  2 wizards
  5 unseen horrors
  7 deep trolls
  A flayed ghost (Vaults:1)
  3 swamp dragons
  A glowing orange brain (Vaults:2)
  2 phantasmal warriors
  A shambling mangrove (Swamp:4)
  3 deep elf archers
  3 ironbrand convokers
  2 orc knights
  19 wolf spiders
  A necromancer (Vaults:1)
  13 wolf spider zombies
  6 harpies
  4 cyclopes
  2 orb spiders
  10 ugly things
  A manticore (D:11)
  21 deep elf magi
  An elephant (Lair:3)
  3 black mambas
  A centaur zombie (D:13)
  A vault sentinel (Vaults:3)
  A moth of wrath (Spider:4)
  A black mamba (shapeshifter) (Vaults:3)
  The ghost of p0werm0de the Digger, a novice VSEE of Xom (D:6)
  6 spiny frogs
  3 rime drakes
  7 freezing wraiths
  A komodo dragon (Lair:3)
  A black draconian zombie (Crypt:1)
  11 yaktaurs
  10 demonic crawlers
  6 redback zombies (Spider:3)
  5 trolls
  A minotaur zombie (Crypt:1)
  10 hornets
  Grinder (D:4)
  7 polar bears
  22 jumping spiders
  2 raiju
  9 blink frogs
  5 tarantella zombies (Spider:3)
  4 hippogriffs
  7 slime creatures
  A bog body (Swamp:1)
  23 tarantellas
  A shadow (D:13)
  8 flying skulls (Crypt:1)
  53 redbacks
  A spriggan (Swamp:2)
  5 wraiths
  A water elemental (Elf:1)
  An air elemental (Elf:1)
  8 yaks
  5 wyverns
  A steam dragon (Lair:6)
  4 hogs (Swamp:1)
  A basilisk (Lair:6)
  2 hungry ghosts
  9 vampire mosquitoes
  4 wargs
  8 insubstantial wisps
  A soldier ant (D:13)
  5 swamp worms
  4 hell hounds (Lair:6)
  5 water moccasins
  A porcupine (D:9)
  9 swamp drakes
  17 orc warriors
  20 ogres
  A phantom (D:5)
  7 black bears (Lair:6)
  19 wolves
  11 centaurs
  2 crocodiles (Lair:6)
  6 big kobolds
  15 bullfrogs
  2 earth elementals
  A wyvern zombie (D:7)
  A hippogriff skeleton (Crypt:1)
  A water moccasin zombie (D:5)
  A scorpion (D:11)
  7 killer bees
  4 wights
  2 electric eels (D:9)
  7 howler monkeys
  5 crimson imps
  3 bullfrog zombies
  A quasit (D:6)
  8 orc priests
  5 hounds
  13 orc wizards
  11 jellies
  2 centaur skeletons
  A basilisk skeleton (Crypt:1)
  5 bullfrog skeletons
  2 iguanas
  7 worker ants
  4 hell rats
  A killer bee zombie (D:10)
  3 bullfrog simulacra (D:11)
  15 gnolls
  13 river rats
  17 adders
  2 shadow imps
  A worker ant simulacrum (D:11)
  An ufetubus (D:11)
  15 oozes
  An adder zombie (Crypt:2)
  3 worms
  2 dart slugs
  5 leopard geckos
  80 orcs
  8 giant cockroaches
  8 goblins
  5 hobgoblins
  13 jackals
  20 kobolds
  4 quokkas (Lair:1)
  10 ball pythons
  8 bats
  9 frilled lizards
  40 rats
961 creatures vanquished.

Vanquished Creatures (collateral kills)
  2 sphinxes (Vaults:4)
  Kirke (Swamp:1)
  Donald (Vaults:4)
  A fire giant (D:15)
  3 ghost moths (Spider:4)
  An orc warlord (Orc:1)
  Roxanne (D:14)
  A frost giant (Vaults:2)
  2 emperor scorpions
  9 vault wardens
  4 stone giants (Vaults:4)
  2 ghouls (Crypt:1)
  3 curse skulls
  4 very ugly things (Vaults:3)
  8 ironheart preservers
  2 vampire knights
  An entropy weaver (Spider:1)
  A spark wasp (Spider:4)
  An eidolon (Crypt:1)
  5 deep elf death magi
  4 yaktaur captains
  2 great orbs of eyes
  2 fire dragons
  Erolcha (D:10)
  8 hydras
  A rakshasa (Vaults:3)
  4 vault guards
  2 ice dragons
  A catoblepas (D:15)
  An alligator (Swamp:3)
  18 two-headed ogres
  4 centaur warriors
  25 dancing weapons
  2 death knights
  3 deep troll shamans
  3 death yaks
  2 vampire magi
  6 ogre magi
  3 storm dragon zombies
  The ghost of p0werm0de the Geomancer, a novice VSEE of Ashenzari (D:9)
  14 deep elf knights
  3 hell knights (Vaults:3)
  8 skeletal warriors
  A shadow wraith (Vaults:4)
  A deep troll (Vaults:4)
  2 wizards
  3 unseen horrors (D:14)
  A ghost moth zombie (Crypt:1)
  9 deep elf archers
  2 flayed ghosts
  A shambling mangrove (Swamp:4)
  12 swamp dragons
  12 ironbrand convokers
  8 orc knights
  39 deep elf magi
  19 ugly things
  4 harpies (Vaults:2)
  A frost giant zombie (Crypt:1)
  2 cyclopes
  4 orc sorcerers
  6 necromancers
  An oklob plant (D:12)
  14 wolf spiders
  21 orb spiders
  9 elephants
  A manticore (D:14)
  A frost giant skeleton (Crypt:1)
  15 vault sentinels
  5 black mambas
  2 centaur zombies
  A torpor snail (Lair:5)
  7 spiny frogs
  Psyche (D:12)
  An elephant slug zombie (Crypt:2)
  3 kobold demonologists (D:14)
  8 freezing wraiths
  A dire elephant skeleton (Crypt:1)
  2 redback zombies (Spider:3)
  3 komodo dragons
  A centaur skeleton (D:14)
  19 yaktaurs
  A black draconian zombie (Crypt:1)
  3 rime drakes
  6 demonic crawlers
  An anaconda simulacrum (Crypt:2)
  7 trolls
  7 polar bears
  16 jumping spiders
  7 hornets
  A tarantella zombie (Spider:3)
  8 tyrant leeches
  10 slime creatures
  A meliai zombie (D:13)
  3 blink frogs
  3 raiju (Lair:6)
  2 bog bodies
  8 hippogriffs
  2 water elementals (D:11)
  2 flying skulls (Crypt:1)
  5 shadows
  27 redbacks
  3 spriggans
  12 tarantellas
  4 basilisks
  2 wraiths
  A basilisk (shapeshifter) (Vaults:1)
  A fire bat (shapeshifter) (Vaults:2)
  6 vampire mosquitoes
  5 wyverns
  36 yaks
  2 fire elementals (Elf:1)
  A hog (Swamp:1)
  3 wargs
  16 swamp worms
  12 insubstantial wisps
  A soldier ant (D:13)
  5 acid dragons
  8 hell hounds (Lair:6)
  11 water moccasins
  3 porcupines
  A water nymph skeleton (Crypt:1)
  3 sky beasts
  30 orc warriors
  7 black bears
  A hornet zombie (Crypt:2)
  An eye of draining (D:13)
  13 swamp drakes
  2 necrophages (D:9)
  2 elephant zombies (Lair:5)
  6 ice beasts
  2 phantoms
  18 ogres
  12 wolves
  A crocodile (shapeshifter) (Vaults:3)
  5 centaurs
  8 crocodiles
  A big kobold (shapeshifter) (D:14)
  5 big kobolds
  8 bullfrogs
  A komodo dragon zombie (Lair:5)
  5 earth elementals
  2 scorpions (D:7)
  A manticore simulacrum (Crypt:2)
  A troll zombie (Crypt:2)
  7 wights
  4 howler monkeys
  12 electric eels
  A crimson imp (D:14)
  2 bullfrog zombies (D:7)
  A human zombie (Crypt:2)
  2 hounds
  18 orc priests
  24 orc wizards
  A bullfrog skeleton (D:12)
  3 iguanas
  2 worker ants
  5 hell rats
  A killer bee zombie (D:7)
  An ogre skeleton (Crypt:1)
  4 river rats
  An adder (D:7)
  2 shadow imps
  A white imp (D:10)
  A leopard gecko (D:8)
  39 orcs
  A ball python (D:8)
  7 kobolds
  4 quokkas
  A kobold zombie (Crypt:2)
  4 rats
  A rat zombie (Crypt:1)
  A butterfly (Lair:6)
  A fungus (Lair:1)
954 creatures vanquished.

Vanquished Creatures (others)
  A vault guard (Vaults:2)
  A wizard (D:14)
  3 deep elf magi
  A torpor snail (Spider:1)
  A jumping spider (Spider:4)
  A hornet (Spider:2)
  A blink frog (shapeshifter) (Elf:1)
  A yak (D:14)
  An acid dragon (Vaults:1)
  2 orc wizards (D:8)
  138 battlemagi
  10 ancestors
  An orc (Vaults:1)
  10 fungi
  17 plants
189 creatures vanquished.

Grand Total: 2104 creatures vanquished

Notes
Turn   | Place    | Note
-------+----------+-------------------------------------------
     0 | D:1      | Monsterracer the Minotaur Gladiator began the quest for the Orb.
     0 | D:1      | Reached XP level 1. HP: 18/18 MP: 0/0
   341 | D:1      | Reached XP level 2. HP: 25/25 MP: 1/1
   376 | D:1      | Reached skill level 3 in Fighting
  1055 | D:2      | Found an opulent altar of Gozag.
  1090 | D:2      | Found a basalt altar of Yredelemnul.
  1136 | D:2      | Reached XP level 3. HP: 31/31 MP: 2/2
  1229 | D:2      | Found a radiant altar of Vehumet.
  1493 | D:2      | Found a white marble altar of Elyvilon.
  1557 | D:2      | HP: 16/33 [worm (6)]
  1571 | D:2      | HP: 8/33 [worm (8)]
  2249 | D:3      | Reached skill level 4 in Fighting
  2249 | D:3      | Reached XP level 4. HP: 35/40 MP: 3/3
  2609 | D:3      | Reached skill level 5 in Dodging
  2637 | D:3      | Reached XP level 5. HP: 47/47 MP: 4/4
  2656 | D:3      | HP: 23/47 [gnoll/whip (1)]
  2668 | D:3      | Reached skill level 5 in Fighting
  2937 | D:3      | HP: 23/48 [gnoll/flail (3)]
  2945 | D:3      | HP: 18/48 [gnoll (4)]
  2948 | D:3      | Reached skill level 1 in Armour
  3927 | D:4      | Found Teudupa's General Store.
  3933 | D:4      | Bought a scroll of immolation for 42 gold pieces
  3951 | D:4      | Found Visah's General Store.
  3956 | D:4      | Bought a scroll of enchant armour for 97 gold pieces
  4101 | D:4      | Found Tonn's Weapon Boutique.
  4309 | D:4      | Found Taklaet's Book Boutique.
  4424 | D:4      | Reached XP level 6. HP: 56/56 MP: 5/5
  4439 | D:4      | Found Ogy Cia's Gadget Boutique.
  4553 | D:5      | Entered Level 5 of the Dungeon
  4634 | D:4      | HP: 21/57 [orc wizard/puff of flame (11)]
  4946 | D:4      | HP: 11/57 [ogre/giant club (18)]
  4989 | D:4      | Reached skill level 6 in Fighting
  5317 | D:4      | Noticed Grinder
  5321 | D:4      | Paralysed by Grinder for 6 turns
  5346 | D:4      | Paralysed by Grinder for 4 turns
  5357 | D:4      | Killed Grinder
  5357 | D:4      | Reached XP level 7. HP: 39/64 MP: 6/6
  5577 | D:4      | Reached skill level 7 in Fighting
  5631 | D:4      | HP: 19/66 [ogre/giant club (25)]
  5638 | D:4      | HP: 3/66 [ogre/giant club (17)]
  6569 | D:6      | HP: 33/66 [gnoll/spear (6)]
  6639 | D:6      | Found a glowing drain.
  6733 | Sewer    | Entered a sewer
  7102 | Sewer    | Reached XP level 8. HP: 74/74 MP: 7/7
  7118 | Sewer    | Reached skill level 8 in Fighting
  8200 | D:5      | Identified 2 scrolls of acquirement
  8203 | D:5      | Got an ichor-stained scimitar {!a}
  8204 | D:5      | Identified the +4 scimitar "Sylyug" {freeze, +Fly rF++ MR-, !a} (You acquired it on level 5 of the Dungeon)
  8343 | D:5      | Got a thick robe
  8468 | D:5      | Identified the +1 robe of the Insatiable Wonders {rF+ Str+3 Dex-2} (You found it on level 5 of the Dungeon)
  8632 | D:6      | Found a shattered altar of Ashenzari.
  8833 | D:6      | Noticed p0werm0de's ghost (novice VSEE)
  8850 | D:6      | Reached skill level 9 in Fighting
  8865 | D:6      | Killed p0werm0de's ghost
  8892 | D:6      | Reached skill level 5 in Long Blades
  8962 | D:6      | Found a staircase to the Ecumenical Temple.
  8969 | Temple   | Entered the Ecumenical Temple
  9001 | Temple   | Became a worshipper of Hepliaklqana the Forgotten
  9309 | D:6      | Reached XP level 9. HP: 72/75 MP: 8/8
  9508 | D:7      | Found a sparkling altar of Nemelex Xobeh.
  9843 | D:7      | Reached skill level 1 in Invocations
  9987 | D:7      | Reached skill level 10 in Fighting
 10227 | D:7      | Noticed a two-headed ogre
 10227 | D:7      | Noticed a yaktaur
 10227 | D:7      | Noticed a cyclops
 10228 | D:7      | Found the +8 lance "Wyrmbane" {slay drac, rPois rF+ rC+ AC+3}
 10259 | D:7      | Got a dazzling hat
 10270 | D:7      | Identified the +2 hat of Rekyunimui {rN+++ Str-4 Dex-3 SInv} (You acquired it on level 7 of the Dungeon)
 10273 | D:7      | Got a faintly humming buckler
 10281 | D:7      | Identified the +3 buckler of Sunlight {Str+3 Dex-4 Stlth+} (You acquired it on level 7 of the Dungeon)
 10332 | D:7      | Reached skill level 5 in Armour
 10459 | D:4      | Bought a +2 great sword of protection for 277 gold pieces
 10750 | D:7      | HP: 34/77 [two-headed ogre/giant club (13)]
 10758 | D:7      | HP: 19/77 [two-headed ogre/giant club (16)]
 11046 | D:7      | Reached skill level 1 in Evocations
 11085 | D:7      | HP: 32/77 [two-headed ogre/giant club (12)]
 11398 | D:7      | Reached skill level 10 in Dodging
 11478 | D:7      | Killed a cyclops
 11644 | D:7      | Killed a two-headed ogre
 11644 | D:7      | Reached skill level 11 in Fighting
 11644 | D:7      | Reached XP level 10. HP: 48/85 MP: 11/11
 11859 | D:8      | Noticed a two-headed ogre
 11877 | D:8      | Killed a two-headed ogre
 12112 | D:8      | Reached * piety under Hepliaklqana
 12231 | D:8      | Found a sacrificial altar of Ru.
 13392 | D:9      | Noticed p0werm0de's ghost (novice VSEE)
 13411 | D:9      | Killed p0werm0de's ghost
 13460 | D:9      | HP: 41/87 [electric eel/bolt of electricity (8)]
 13508 | D:9      | Noticed a death yak
 13510 | D:9      | Noticed a death yak
 13511 | D:9      | Noticed a death yak
 13530 | D:9      | HP: 38/87 [hell rat (8)]
 14164 | D:8      | HP: 39/87 [troll (5)]
 14488 | D:9      | HP: 39/87 [electric eel/bolt of electricity (11)]
 14753 | D:8      | HP: 34/87 [death yak (19)]
 14770 | D:7      | HP: 37/87 [death yak (1)]
 14813 | D:7      | HP: 31/87 [death yak (16)]
 15221 | D:9      | HP: 43/87 [electric eel/bolt of electricity (3)]
 15222 | D:9      | Reached XP level 11. HP: 46/93 MP: 13/13
 15420 | D:9      | Reached skill level 12 in Fighting
 15560 | D:9      | HP: 41/93 [electric eel/bolt of electricity (9)]
 15830 | D:9      | Found a staircase to the Lair.
 15970 | D:9      | Reached ** piety under Hepliaklqana
 15971 | D:9      | Remembered your ancestor Cenhelm as a battlemage
 16017 | Lair:1   | Entered Level 1 of the Lair of Beasts
 16113 | Lair:1   | HP: 46/93 [yak (11)]
 16123 | Lair:1   | HP: 20/93 [yak (14)]
 16130 | Lair:1   | HP: 16/93 [yak (6)]
 16150 | Lair:1   | HP: 11/93 [wyvern (10)]
 16551 | Lair:1   | HP: 47/94 [yak (3)]
 16556 | Lair:1   | HP: 45/94 [poisoned by a water moccasin]
 16562 | Lair:1   | HP: 45/94 [poisoned by a water moccasin]
 16570 | Lair:1   | HP: 45/94 [poisoned by a water moccasin]
 17110 | Lair:1   | Reached skill level 5 in Invocations
 18141 | Lair:2   | Noticed a five-headed hydra
 18243 | Lair:2   | Noticed a five-headed hydra
 18320 | Lair:2   | Got a brightly glowing spear
 18345 | Lair:2   | Reached *** piety under Hepliaklqana
 18405 | Lair:2   | Reached skill level 13 in Fighting
 18566 | Lair:2   | Noticed a five-headed hydra
 18699 | Lair:2   | Noticed an eight-headed hydra
 18910 | Lair:3   | Reached XP level 12. HP: 53/103 MP: 15/15
 18911 | Lair:3   | HP: 48/103 [elephant (5)]
 18916 | Lair:3   | HP: 18/103 [elephant (8)]
 19312 | Lair:3   | Reached skill level 5 in Evocations
 19318 | Lair:3   | HP: 51/103 [elephant (4)]
 19679 | Lair:3   | Found a hole to the Spider Nest.
 20211 | Spider:1 | Entered Level 1 of the Spider Nest
 20406 | Lair:4   | Found a staircase to the Swamp.
 20481 | Lair:4   | Noticed a death yak
 20495 | Lair:4   | Noticed a death yak
 20499 | Lair:4   | Noticed a death yak
 20502 | Lair:4   | Noticed a death yak
 20515 | Lair:4   | Killed a death yak
 20785 | Lair:4   | Reached **** piety under Hepliaklqana
 20979 | Lair:4   | HP: 43/104 [death yak (16)]
 21080 | Lair:3   | Killed a death yak
 21347 | Lair:4   | Reached skill level 14 in Fighting
 21681 | Lair:3   | HP: 51/105 [death yak (15)]
 21687 | Lair:3   | HP: 41/105 [death yak (10)]
 21687 | Lair:3   | Killed a death yak
 21693 | Lair:3   | Killed a death yak
 22177 | Lair:5   | Found a runed door.
 22428 | Lair:5   | Noticed an eight-headed hydra
 22484 | Lair:5   | HP: 46/105 [eight-headed hydra (11)]
 22794 | Lair:5   | Found a viscous altar of Jiyva.
 22794 | Lair:5   | Found a staircase to the Slime Pits.
 22866 | Lair:5   | Reached XP level 13. HP: 106/112 MP: 17/17
 23375 | Lair:5   | HP: 44/112 [komodo dragon zombie (19)]
 23674 | Lair:5   | HP: 52/112 [eight-headed hydra (12)]
 24403 | Lair:6   | Entered Level 6 of the Lair of Beasts
 24734 | Lair:6   | HP: 47/112 [wolf (10)]
 25697 | Lair:6   | Reached ***** piety under Hepliaklqana
 26161 | Lair:2   | Reached skill level 15 in Fighting
 26880 | Lair:2   | Reached skill level 10 in Armour
 27231 | Lair:5   | HP: 56/113 [seven-headed hydra (5)]
 27236 | Lair:5   | HP: 46/114 [torpor snail (3)]
 27260 | Lair:5   | HP: 55/114 [torpor snail (1)]
 27627 | Lair:6   | HP: 55/114 [anaconda (3)]
 27638 | Lair:6   | HP: 54/114 [anaconda (2)]
 27649 | Lair:6   | HP: 43/114 [hell hound/blast of flame (15)]
 27661 | Lair:6   | HP: 37/114 [black bear (2)]
 28051 | Lair:5   | HP: 53/114 [raiju/living lightning (22)]
 28408 | Lair:6   | Reached XP level 14. HP: 91/121 MP: 17/19
 28469 | Lair:6   | HP: 57/121 [warg (11)]
 28741 | Lair:6   | Got a pair of faintly glowing gloves
 28773 | Lair:6   | Identified the +0 pair of gloves "Larphit" {rPois rF+ Dex+2} (You found it on level 6 of the Lair of Beasts)
 29314 | Lair:6   | HP: 56/122 [fire dragon (8)]
 29320 | Lair:6   | HP: 49/122 [swamp dragon (3)]
 29325 | Lair:6   | HP: 45/122 [swamp dragon/blast of poison (4)]
 30135 | D:7      | Reached skill level 10 in Long Blades
 30432 | D:10     | Entered Level 10 of the Dungeon
 30683 | D:10     | Found a staircase to the Orcish Mines.
 30918 | D:4      | Bought a potion of curing for 36 gold pieces
 30918 | D:4      | Bought 2 potions of heal wounds for 120 gold pieces
 30942 | D:4      | Bought a scroll of teleportation for 39 gold pieces
 31642 | D:10     | Upgraded the game from 0.21.0-25-ge575cb9 to 0.21.0-26-g889b8f6
 31843 | Orc:1    | Entered Level 1 of the Orcish Mines
 31946 | Orc:1    | Reached skill level 15 in Dodging
 32076 | Orc:1    | Reached skill level 16 in Fighting
 32178 | Orc:1    | Found a radiant altar of Vehumet.
 32389 | Orc:2    | Entered Level 2 of the Orcish Mines
 32586 | Orc:2    | Found a roughly hewn altar of Beogh.
 32679 | Orc:2    | Found Xyerah's Gadget Boutique.
 32726 | Orc:2    | Paralysed by an orc sorcerer for 3 turns
 32734 | Orc:2    | HP: 58/123 [orc sorcerer/bolt of fire (8)]
 33545 | Orc:2    | Noticed an orc warlord
 33638 | Orc:1    | Killed an orc warlord
 33922 | Orc:2    | Found a roughly hewn altar of Beogh.
 34149 | Orc:2    | Found a roughly hewn altar of Beogh.
 34184 | Orc:2    | HP: 54/124 [orc high priest/divine providence (12)]
 34190 | Orc:2    | HP: 42/124 [orc priest/divine providence (14)]
 34211 | Orc:2    | HP: 33/124 [orc warrior/trident (15)]
 34538 | Orc:2    | Found Jyppaoss's Food Emporium.
 34594 | Orc:2    | Found a staircase to the Elven Halls.
 34624 | Orc:2    | HP: 62/124 [orc warrior/halberd[an orc warlord] (9)]
 34719 | Orc:1    | HP: 59/124 [ogre/giant club[an orc warlord] (7)]
 35041 | Orc:2    | Found Imuqoiha's Antique Armour Boutique.
 35042 | Orc:2    | Found a roughly hewn altar of Beogh.
 35043 | Orc:2    | Found Feul's Antique Weapon Shop.
 35104 | Orc:2    | Found a roughly hewn altar of Beogh.
 35170 | Orc:2    | Found a roughly hewn altar of Beogh.
 35208 | Orc:2    | Found a burning altar of Makhleb.
 35413 | D:11     | Noticed Erolcha
 35529 | D:10     | HP: 49/124 [polar bear (14)]
 35542 | D:10     | HP: 52/124 [polar bear (1)]
 35553 | D:10     | HP: 52/124 [polar bear (3)]
 35561 | D:10     | HP: 48/124 [polar bear (6)]
 35855 | D:11     | Reached skill level 1 in Stealth
 35870 | D:11     | Identified the cursed +0 plate armour of Truth {rF- MR+ Dex+7} (You found it on level 11 of the Dungeon)
 35886 | D:11     | HP: 55/124 [Erolcha/crystal spear (11)]
 35893 | D:10     | HP: 31/124 [Erolcha/bolt of cold (11)]
 36235 | D:10     | Killed Erolcha
 36529 | D:11     | Got a heavily runed ring mail
 36542 | D:11     | Identified the cursed +0 ring mail "Xoqosomo" {rC+ Int+3} (You took it off a kobold on level 11 of the Dungeon)
 36620 | D:11     | Got a twisted ring mail
 36972 | D:11     | Identified the +4 ring mail of the Sunfish {rElec rN+ Regen+ Str+2} (You found it on level 11 of the Dungeon)
 37102 | D:12     | HP: 58/124 [cyclops (19)]
 37112 | D:12     | HP: 41/124 [cyclops (24)]
 37260 | D:12     | Noticed Psyche
 37263 | D:12     | Killed Psyche
 37613 | D:12     | HP: 62/124 [brown ugly thing (11)]
 37865 | D:12     | Reached XP level 15. HP: 116/131 MP: 20/20
 37999 | D:12     | Found Comets's Book Shop.
 38557 | D:13     | Noticed a frost giant
 38568 | D:13     | HP: 63/131 [frost giant/battleaxe of freezing (3)]
 38576 | D:13     | HP: 28/131 [frost giant/bolt of cold (17)]
 38614 | D:12     | Reached skill level 17 in Fighting
 38740 | D:12     | HP: 38/132 [frost giant/bolt of cold (31)]
 38746 | D:12     | HP: 36/132 [frost giant/battleaxe of freezing (6)]
 38753 | D:12     | Killed a frost giant
 39561 | D:13     | HP: 59/132 [freezing wraith (13)]
 40754 | D:14     | Found a gate to the Vaults.
 40870 | D:14     | Found a shadowy altar of Dithmenos.
 40975 | D:14     | Noticed Roxanne
 40993 | D:14     | HP: 56/132 [Roxanne/orb of energy (21)]
 41232 | D:14     | Killed Roxanne
 41233 | D:14     | Identified Roxanne's Papyrus of Transformation (You took it off Roxanne on level 14 of the Dungeon)
 41373 | D:15     | Entered Level 15 of the Dungeon
 41526 | D:15     | HP: 60/132 [??? (30)]
 41533 | D:15     | HP: 21/132 [death knight/glaive of protection (16)]
 41850 | D:15     | Found a staircase to the Depths.
 41850 | D:15     | Noticed a fire giant
 41896 | D:15     | HP: 64/132 [fire giant/fireball (8)]
 41902 | D:15     | Killed a fire giant
 41909 | D:15     | HP: 38/133 [yaktaur (16)]
 42084 | D:15     | Found Haolyeta's Book Shoppe.
 42181 | D:15     | HP: 64/133 [catoblepas (11)]
 42193 | D:15     | HP: 32/133 [white ugly thing (35)]
 42225 | D:15     | Reached skill level 10 in Invocations
 43715 | Swamp:1  | Entered Level 1 of the Swamp
 44166 | Swamp:1  | Noticed Kirke
 44207 | Swamp:2  | HP: 65/134 [eight-headed hydra (7)]
 44212 | Swamp:2  | HP: 31/134 [eight-headed hydra (12)]
 44365 | Swamp:1  | Reached XP level 16. HP: 127/141 MP: 22/22
 44373 | Swamp:1  | Killed Kirke
 44906 | Swamp:2  | Reached skill level 18 in Fighting
 45595 | Swamp:3  | Noticed a thorn hunter
 45619 | Swamp:3  | Killed a thorn hunter
 45944 | Swamp:4  | Entered Level 4 of the Swamp
 46340 | Swamp:3  | HP: 68/141 [ghost crab (12)]
 46665 | Swamp:4  | Noticed Bai Suzhen
 46750 | Swamp:3  | HP: 69/141 [Bai Suzhen/torrent of water (45)]
 46750 | Swamp:3  | HP: 33/141 [some deep water collision (36)]
 46752 | Swamp:3  | Killed Bai Suzhen
 46752 | Swamp:3  | Reached skill level 5 in Stealth
 47339 | Swamp:4  | HP: 65/142 [eight-headed hydra (7)]
 47353 | Swamp:4  | HP: 64/142 [eight-headed hydra (8)]
 47571 | Swamp:4  | HP: 66/143 [hornet[a shambling mangrove] (13)]
 47576 | Swamp:4  | HP: 35/143 [poisoned by a hornet]
 47581 | Swamp:4  | HP: 34/143 [poisoned by a hornet]
 47586 | Swamp:4  | HP: 34/143 [poisoned by a hornet]
 47593 | Swamp:4  | HP: 35/143 [poisoned by a hornet]
 47600 | Swamp:4  | HP: 38/143 [poisoned by a hornet]
 47608 | Swamp:4  | HP: 42/143 [poisoned by a hornet]
 48018 | Swamp:4  | Noticed the 27-headed Lernaean hydra
 48024 | Swamp:4  | HP: 67/143 [the 27-headed Lernaean hydra (14)]
 48354 | Swamp:4  | Got a decaying rune of Zot
 48770 | Spider:1 | HP: 34/143 [disintegration (47)]
 49535 | Spider:1 | HP: 67/143 [disintegration (15)]
 49547 | Spider:1 | HP: 55/143 [disintegration (21)]
 49755 | Spider:1 | HP: 56/143 [entropy weaver/great mace of protection (21)]
 49768 | Spider:1 | HP: 54/143 [redback (11)]
 49914 | Lair:3   | HP: 71/143 [entropy weaver/great mace of protection (1)]
 49918 | Lair:3   | Reached XP level 17. HP: 46/149 MP: 24/24
 50270 | Spider:1 | Reached skill level 19 in Fighting
 50735 | Spider:1 | HP: 72/151 [earth elemental (23)]
 50740 | Spider:1 | HP: 66/151 [poisoned by a wolf spider]
 50745 | Spider:1 | HP: 63/151 [poisoned by a wolf spider]
 50750 | Spider:1 | HP: 61/151 [poisoned by a wolf spider]
 50755 | Spider:1 | HP: 61/151 [poisoned by a wolf spider]
 50761 | Spider:1 | HP: 63/151 [poisoned by a wolf spider]
 50767 | Spider:1 | HP: 65/151 [poisoned by a wolf spider]
 50775 | Spider:1 | HP: 69/151 [poisoned by a wolf spider]
 51015 | Spider:2 | Reached skill level 10 in Evocations
 51254 | Spider:2 | HP: 63/151 [emperor scorpion (16)]
 51265 | Spider:2 | HP: 71/151 [tarantella (1)]
 51299 | Spider:2 | Noticed Arachne
 51314 | Spider:2 | HP: 72/151 [Arachne/staff of poison (20)]
 51321 | Spider:2 | HP: 74/151 [poisoned by Arachne (bolt of poison)]
 51326 | Spider:2 | HP: 75/151 [poisoned by Arachne (bolt of poison)]
 51331 | Spider:2 | HP: 64/151 [Arachne/bolt of poison (14)]
 51335 | Spider:2 | Killed Arachne
 51336 | Spider:2 | HP: 61/151 [poisoned by Arachne (bolt of poison)]
 51341 | Spider:2 | HP: 59/151 [poisoned by Arachne (bolt of poison)]
 51347 | Spider:2 | HP: 59/151 [poisoned by Arachne (bolt of poison)]
 51353 | Spider:2 | HP: 61/151 [poisoned by Arachne (bolt of poison)]
 51358 | Spider:2 | HP: 62/151 [poisoned by Arachne (bolt of poison)]
 51366 | Spider:2 | HP: 66/151 [poisoned by Arachne (bolt of poison)]
 52714 | Spider:3 | HP: 75/151 [poisoned by an emperor scorpion]
 52719 | Spider:3 | HP: 64/151 [poisoned by an emperor scorpion]
 52724 | Spider:3 | HP: 61/151 [poisoned by an emperor scorpion]
 52729 | Spider:3 | HP: 59/151 [poisoned by an emperor scorpion]
 52734 | Spider:3 | HP: 59/151 [poisoned by an emperor scorpion]
 52739 | Spider:2 | HP: 60/151 [poisoned by an emperor scorpion]
 52745 | Spider:2 | HP: 54/151 [poisoned by an emperor scorpion]
 52750 | Spider:2 | HP: 39/151 [emperor scorpion (2)]
 52757 | Spider:2 | HP: 43/151 [poisoned by an emperor scorpion]
 52770 | Spider:2 | HP: 46/151 [emperor scorpion (6)]
 52779 | Spider:2 | HP: 43/151 [emperor scorpion (10)]
 53484 | Spider:4 | Entered Level 4 of the Spider Nest
 53734 | Spider:4 | Found the +7 Kryia's mail coat {PotionHeal*2 rC+}
 53878 | Spider:4 | Noticed Tiamon's ghost (adept MiFi)
 53993 | Spider:4 | HP: 72/152 [disintegration (20)]
 54175 | Spider:4 | HP: 75/152 [Tiamon's ghost (12)]
 54301 | Spider:4 | HP: 64/152 [Tiamon's ghost (17)]
 54306 | Spider:4 | HP: 51/152 [Tiamon's ghost (16)]
 54584 | Spider:4 | HP: 76/152 [poisoned by a redback]
 55363 | Spider:4 | Reached XP level 18. HP: 156/160 MP: 0/25
 55878 | Spider:4 | Reached skill level 20 in Fighting
 55892 | Spider:4 | HP: 70/160 [Tiamon's ghost (12)]
 56355 | Spider:4 | Got a gossamer rune of Zot
 56585 | Spider:4 | HP: 79/160 [Tiamon's ghost (13)]
 56590 | Spider:4 | HP: 59/160 [Tiamon's ghost (5)]
 56913 | Vaults:1 | Entered Level 1 of the Vaults
 56936 | D:14     | Paralysed by an ogre mage for 4 turns
 56942 | D:14     | Paralysed by an ogre mage for 5 turns
 57320 | Vaults:1 | HP: 79/160 [deep elf archer/arrow (9)]
 57340 | Vaults:1 | HP: 74/160 [ironheart preserver/dire flail[a vault warden] (11)]
 57347 | Vaults:1 | HP: 61/160 [vault warden/uncursed war axe of distortion (17)]
 57391 | Vaults:1 | HP: 74/160 [ironbrand convoker/flail (5)]
 57398 | Vaults:1 | HP: 66/160 [Cenhelm the battlemage/exploding inner flame[the player character] (3)]
 57413 | Vaults:1 | HP: 54/161 [vault warden/uncursed war axe of distortion (8)]
 57462 | Vaults:1 | HP: 54/161 [unseen horror (4)]
 57478 | Vaults:1 | HP: 54/161 [harpy (6)]
 57483 | Vaults:1 | HP: 40/161 [harpy (3)]
 58638 | Vaults:3 | HP: 63/162 [deep elf knight/shard of ice (32)]
 58661 | Vaults:3 | HP: 60/162 [ogre mage/bolt of fire (3)]
 59798 | Vaults:2 | HP: 73/162 [deep elf mage/bolt of lightning (14)]
 60191 | Vaults:1 | Reached XP level 19. HP: 160/168 MP: 25/27
 60225 | Vaults:1 | Paralysed by a great orb of eyes for 4 turns
 60453 | Vaults:1 | HP: 82/169 [ironheart preserver/dire flail[a vault warden] (11)]
 60461 | Vaults:1 | HP: 79/169 [orc warrior/hand axe[an orc knight] (6)]
 60472 | Vaults:1 | HP: 52/169 [yaktaur/bolt[a vault warden] (7)]
 60482 | Vaults:1 | HP: 50/169 [vault warden/halberd of venom (6)]
 60487 | Vaults:1 | HP: 39/169 [vault warden/halberd of venom (3)]
 60513 | Vaults:1 | HP: 84/169 [orc priest/divine providence[an orc knight] (6)]
 60984 | Elf:1    | Entered Level 1 of the Elven Halls
 61852 | Elf:1    | Reached skill level 21 in Fighting
 62107 | Elf:1    | Reached ****** piety under Hepliaklqana
 62392 | Elf:1    | Found a deep blue altar of Sif Muna.
 63328 | Elf:1    | Found a deep blue altar of Sif Muna.
 63806 | Elf:2    | Found an ancient bone altar of Kikubaaqudgha.
 63825 | Elf:2    | HP: 84/170 [deep elf archer/arrow (7)]
 63830 | Elf:2    | HP: 64/170 [poisoned by a battleaxe of venom]
 63835 | Elf:2    | HP: 56/170 [poisoned by a battleaxe of venom]
 63840 | Elf:1    | HP: 51/170 [poisoned by a battleaxe of venom]
 63845 | Elf:1    | HP: 40/170 [poisoned by a battleaxe of venom]
 63850 | Elf:1    | HP: 35/170 [poisoned by a battleaxe of venom]
 63855 | Elf:1    | HP: 32/170 [poisoned by a battleaxe of venom]
 63860 | Elf:1    | HP: 30/170 [poisoned by a battleaxe of venom]
 63866 | Elf:1    | HP: 29/170 [poisoned by a battleaxe of venom]
 63872 | Elf:1    | HP: 30/170 [poisoned by a battleaxe of venom]
 63880 | Elf:1    | HP: 31/170 [poisoned by a battleaxe of venom]
 64283 | Elf:2    | Found a deep blue altar of Sif Muna.
 64537 | Elf:2    | Found a huge runed gate.
 64542 | Elf:2    | Found a huge runed gate.
 64542 | Elf:2    | Found a huge runed gate.
 64543 | Elf:2    | Found a huge runed gate.
 64543 | Elf:2    | Found a huge runed gate.
 64743 | Elf:2    | Upgraded the game from 0.21.0-26-g889b8f6 to 0.21.0-30-g47ce8e4
 64887 | Elf:2    | HP: 85/170 [deep elf blademaster/rapier of venom (6)]
 64892 | Elf:2    | HP: 79/170 [poisoned by a deep elf blademaster]
 64897 | Elf:2    | HP: 74/170 [poisoned by a deep elf blademaster]
 64902 | Elf:2    | HP: 71/170 [poisoned by a deep elf blademaster]
 64907 | Elf:2    | HP: 70/170 [poisoned by a deep elf blademaster]
 64913 | Elf:2    | HP: 70/170 [poisoned by a deep elf blademaster]
 64921 | Elf:2    | HP: 71/170 [poisoned by a deep elf blademaster]
 64929 | Elf:2    | HP: 72/170 [poisoned by a deep elf blademaster]
 65562 | Elf:2    | HP: 75/170 [short sword of electrocution (17)]
 65570 | Elf:2    | HP: 51/170 [long sword of holy wrath (9)]
 65580 | Elf:2    | HP: 35/171 [flail of draining (2)]
 65588 | Elf:2    | HP: 30/171 [halberd of venom (8)]
 65593 | Elf:2    | HP: 15/171 [deep elf knight/stone arrow (10)]
 65600 | Elf:2    | HP: 54/171 [eveningstar of venom (8)]
 65606 | Elf:2    | HP: 43/171 [flail of draining (14)]
 67085 | Vaults:1 | Got an ancient leather armour
 67090 | Vaults:1 | Identified the +2 leather armour of Liberty {Int+7 Slay+3} (You took it off an ironheart preserver on level 1 of the Vaults)
 68315 | Vaults:2 | Reached XP level 20. HP: 163/178 MP: 26/28
 68543 | Vaults:2 | HP: 83/178 [stone giant/large rock (37)]
 69521 | Vaults:3 | HP: 81/179 [hell knight/great mace of flaming (14)]
 69803 | Vaults:3 | Got an ancient dagger {freeze}
 70205 | Vaults:3 | HP: 69/180 [??? (28)]
 70214 | Vaults:3 | HP: 50/180 [two-headed ogre/giant club (3)]
 70220 | Vaults:3 | HP: 33/180 [two-headed ogre/giant club (5)]
 70496 | Vaults:3 | Reached skill level 22 in Fighting
 70693 | Vaults:2 | HP: 90/180 [frost giant/battleaxe of freezing (31)]
 70699 | Vaults:2 | HP: 74/180 [frost giant/bolt of cold (12)]
 71220 | Vaults:3 | HP: 87/180 [acid (6)]
 71478 | Vaults:3 | HP: 86/180 [red very ugly thing (illusionary) (15)]
 71493 | Vaults:3 | HP: 85/180 [rakshasa/trident (7)]
 71524 | Vaults:3 | HP: 75/180 [purple very ugly thing (19)]
 71529 | Vaults:3 | HP: 58/180 [purple very ugly thing (6)]
 71540 | Vaults:3 | HP: 52/180 [purple very ugly thing (11)]
 71546 | Vaults:3 | HP: 53/180 [purple very ugly thing (1)]
 71971 | Vaults:3 | Found a staircase to the Crypt.
 72016 | Crypt:1  | Entered Level 1 of the Crypt
 72049 | Crypt:1  | Got a flickering bone ring
 72053 | Crypt:1  | Identified the ring "Hiadeirr" {rElec Int+2 Stlth+} (You found it on level 1 of the Crypt)
 72309 | Crypt:1  | HP: 86/180 [death knight/enchanted battleaxe (14)]
 72316 | Crypt:1  | HP: 61/180 [??? (25)]
 73014 | Vaults:3 | Reached skill level 10 in Stealth
 73489 | Vaults:4 | Paralysed by a sphinx for 6 turns
 73512 | Vaults:4 | Found Ikaunah's Distillery.
 73529 | Vaults:4 | Noticed Xtahua
 73534 | Vaults:4 | Paralysed by Xtahua for 3 turns
 73545 | Vaults:4 | Paralysed by a sphinx for 5 turns
 73549 | Vaults:4 | HP: 80/180 [Xtahua (20)]
 73886 | Vaults:4 | Reached skill level 15 in Armour
 74036 | Vaults:4 | Bought a potion of heal wounds for 85 gold pieces
 74036 | Vaults:4 | Bought a potion of heal wounds for 85 gold pieces
 74036 | Vaults:4 | Bought a potion of haste for 170 gold pieces
 74036 | Vaults:4 | Bought a potion of haste for 170 gold pieces
 74036 | Vaults:4 | Bought a potion of haste for 170 gold pieces
 74392 | Vaults:4 | HP: 89/181 [fire giant/great sword of flaming (27)]
 74397 | Vaults:4 | HP: 63/181 [vault warden/long sword of holy wrath (18)]
 74398 | Vaults:4 | Reached XP level 21. HP: 65/188 MP: 12/29
 74412 | Vaults:4 | HP: 60/188 [fire giant/great sword of flaming (11)]
 74418 | Vaults:4 | HP: 37/188 [fire giant/great sword of flaming (12)]
 74423 | Vaults:4 | HP: 38/188 [fire giant/great sword of flaming (2)]
 74462 | Vaults:4 | HP: 49/188 [stone giant/large rock (5)]
 74702 | Vaults:4 | Found an iron altar of Okawaru.
 74871 | Vaults:4 | Noticed Donald
 74881 | Vaults:4 | Killed Donald
 75534 | Vaults:4 | HP: 81/188 [deep elf mage/bolt of lightning (26)]
 75553 | Vaults:4 | HP: 87/188 [Xtahua (2)]
 75558 | Vaults:4 | HP: 41/188 [Xtahua/searing blast (27)]
 75561 | Vaults:4 | Killed Xtahua
 76480 | Crypt:1  | HP: 92/189 [black draconian zombie (9)]
 76486 | Crypt:1  | HP: 93/189 [black draconian zombie (2)]
 76952 | Crypt:1  | HP: 89/189 [??? (38)]
 77155 | Crypt:1  | Reached skill level 23 in Fighting
 78045 | Crypt:2  | HP: 93/189 [??? (39)]
 78388 | Crypt:2  | HP: 91/189 [skeletal warrior/halberd[a death knight] (16)]
 78393 | Crypt:2  | HP: 90/189 [storm dragon zombie (3)]
 78668 | Crypt:2  | Quit the game

Skill      XL: |  1  2  3  4  5  6  7  8  9 10 11 12 13 14 15 16 17 18 19 20 21 |
---------------+----------------------------------------------------------------+-----
Fighting       | 3 4 5 6 7 9 11 13 14 15 16 17 18 19 20 21 22 23 | 23.1
Dodging        | 4 5 6 7 9 10 11 12 13 14 15 16 17 18 19 20 21 | 21.6
Armour         | 1 2 4 5 6 8 9 10 11 12 13 14 15 | 15.6
Long Blades    | 5 7 8 9 10 | 10.0
Invocations    | 3 4 5 6 8 9 10 11 12 13 | 13.7
Evocations     | 2 3 4 5 6 8 9 10 11 12 | 12.7
Stealth        | 2 4 5 7 8 9 10 | 10.0
Throwing       | |  2.0

Action                   |  1- 3 |  4- 6 |  7- 9 | 10-12 | 13-15 | 16-18 | 19-21 || total
-------------------------+-------+-------+-------+-------+-------+-------+-------++-------
Melee: Headbutt          |     4 |     9 |    34 |    54 |   137 |   181 |   149 ||   568
       Great sword       |       |       |       |       |       |       |     3 ||     3
Invok: Recall Ancestor   |       |       |     1 |     9 |     6 |    14 |    10 ||    40
       Ancestor Life: Ba |       |       |       |     1 |       |       |       ||     1
       Idealise          |       |       |       |       |    11 |     4 |     4 ||    19
       Transference      |       |       |       |       |       |     1 |       ||     1
Evoke: Wand              |       |       |       |     5 |     9 |    31 |    12 ||    57
       Lamp of fire      |       |       |       |       |     2 |     4 |     4 ||    10
       Fan of gales      |       |       |       |       |     2 |       |       ||     2
       Box of beasts     |       |       |       |       |     1 |     2 |       ||     3
       Lightning rod     |       |       |       |       |       |       |     5 ||     5
  Use: Scroll            |       |    15 |    15 |    10 |    11 |    10 |    10 ||    71
       Potion            |       |       |       |       |     1 |       |     5 ||     6
 Stab: Distracted        |       |       |       |       |     1 |       |       ||     1
  Eat: Chunk             |     4 |    10 |    17 |    41 |    78 |    22 |    33 ||   205
       Ration            |       |       |     2 |       |       |     6 |     7 ||    15
Armor: Ring mail         |    83 |   132 |   270 |   405 |   777 |   742 |     1 ||  2410
       Leather armour    |     3 |    14 |    45 |       |       |       |       ||    62
       Scale mail        |       |       |       |       |       |   237 |   738 ||   975
Dodge: Dodged            |   151 |   224 |   647 |   912 |  3046 |  3467 |  2592 || 11039
       Rpst.: Long sword |    45 |    63 |   113 |       |       |       |       ||   221
       Scimitar          |       |       |    38 |       |    49 |     2 |    25 ||   114
       Great sword       |       |       |    13 |   245 |   647 |   711 |   543 ||  2159

Vault maps used:
D:1:      minmay_arrival_hallway, minmay_misc_feat_columns
D:2:      vehumet_crystals, chequers_temple_overflow_statue_of_worship,
          first_ration, elyvilon_altar_3
D:4:      serial_shops, nicolae_shop_statue_plus, shop, shop_fountains,
          kennysheep_little_box, nicolae_shop_crystal, uniq_grinder
D:6:      ashenzari_conservatory_becter, minmay_temple_entry_hall,
          gup_sewer_entry_glass
D:7:      minmay_the_grid_octo_2x2, nemelex_xobeh_ov_fountains_minmay
D:8:      minmay_flawed_box, marbit_many_paths
D:9:      dpeg_lair_monsters
D:10:     david_orc_3
D:11:     serial_ice, serial_ice_d, serial_ice_f, serial_ice_j, serial_ice_m,
          serial_ice_g, serial_ice_o, portal_ice_cave_rime, grunt_decor_cap,
          uniq_erolcha
D:12:     lemuel_slime, serial_shops, nicolae_shop_behind_doors,
          blue_anna_alchemist, dk_noncrumbling_2, uniq_psyche
D:13:     cheibrodos_ideogram_h, billiards_dpeg
D:14:     david_vaults_1, grunt_dithmenos_smoke_and_mirrors, uniq_roxanne
D:15:     grunt_enter_depths_giant_problem, serial_shops, nicolae_shop_crystal,
          minivault_24
Temple:   nicolae_temple_x_marks_the_god
Lair:1:   lemuel_ratsnest
Lair:2:   st_stairs_3, grunt_megastairs_2
Lair:3:   spider_nest_entry_web_field, beast_lair_carwin_4
Lair:4:   swamp_mist, grunt_forest_stairs_clearing
Lair:5:   pond_and_an_island_with_a_cottage, slime_altar_1, pf_torpor_hydra
Lair:6:   guppyfry_lair_end_dragon, hangedman_lair_caniforms_friends,
          grunt_megastairs_5, serial_bayou_shore_a, serial_bayou_shore_b,
          lemuel_fruit_fields, lemuel_fruit_tree
Swamp:1:  hangedman_swamp_cone, uniq_kirke
Swamp:2:  serial_swamp_ruin, evilmike_swamp_ruin_house_2,
          evilmike_swamp_ruin_house_4
Swamp:3:  evilmike_swamp_ruin_rubble_1
Swamp:4:  swamp_old_school, swamp_pool5, nicolae_swamp_dragon_and_kin,
          uniq_bai_suzhen
Spider:2: hangedman_stitches_earthworm, uniq_arachne
Spider:3: lemuel_spider_zombies
Spider:4: spider_rune_water, hangedman_spider_tarantella_strand
Orc:1:    basic_altar
Orc:2:    grunt_orc_community_town_hall, grunt_orc_community_big_house_2,
          grunt_orc_community_big_house_2, grunt_orc_community_house_1,
          grunt_orc_community_house_3, grunt_orc_community_house_3,
          grunt_orc_community_house_3, basic_altar
Elf:1:    minivault_28, hangedman_feature_mirror, grunt_ministairs_8
Elf:2:    hangedman_feature_mirror, lemuel_flamethrower_1
Vaults:1: hangedman_vaults_maws, hangedman_vaults_stitches, grunt_vaults_focal,
          nicolae_vaults_network_periphery, ontoclasm_vaults_ring_square,
          vaults_mumra_minichess, ontoclasm_vaults_ligature, vaults_mumra_lcd,
          nicolae_vaults_rhombus_7, v_misc_22, vaults_dpeg_encased_lava,
          nicolae_vaults_specimen_jars, v_misc_27
Vaults:2: v_rooms_4, nicolae_vaults_shelves_hall, vaults_room_grid,
          nicolae_vaults_network_star, nicolae_vaults_yaktaur_gun_rack,
          v_misc_19, nicolae_vaults_three_branches,
          vaults_room_grunt_arrival_checkpoint, v_misc_14, v_misc_18
Vaults:3: hangedman_vaults_locks, nicolae_vaults_circle_grid_b,
          nicolae_vaults_rhombus_7, vaults_standard_mumra_x,
          hangedman_vaults_snaps, vaults_room_pools, grunt_vaults_funnel,
          ontoclasm_vaults_idyll, stair_cage_open, nicolae_vaults_statue_guard,
          v_misc_10
Vaults:4: vaults_room_large_hall, vaults_room_ringed_pool, v_misc_33, v_misc_30,
          v_misc_8, nicolae_vaults_quartermaster, v_misc_17,
          hangedman_vaults_cutoff, v_rooms_5, hangedman_vaults_restitches,
          nicolae_vaults_asterisk, v_misc_19,
          vaults_standard_mumra_enter_the_diamond,
          nicolae_vaults_little_squares_1, ontoclasm_vaults_bender, v_misc_24,
          serial_shops, nicolae_shop_window_shopping, basic_altar, uniq_donald,
          uniq_xtahua
Crypt:1:  st_stairs_1, item_on_display_b
Crypt:2:  ragdoll_tomb_raider, nicolae_crypt_soggy_tomb
Sewer:    sewer_minmay_w
